 Dungeon Crawl Stone Soup version 0.19-a0-957-gf4ea323 (webtiles) character file.

12084 Implojin the Grappler (level 11, -5/122 HPs)
             Began as a Troll Fighter on July 11, 2016.
             Was a High Priest of Okawaru.
             Slain by an efreet
             ... wielding a +1 scimitar of flaming
              (6 damage)
             ... on level 15 of the Dungeon.
             The game lasted 00:16:45 (2704 turns).

Implojin the Grappler (Troll Fighter)               Turns: 2704, Time: 00:16:45

Health: -5/122     AC:  5    Str: 26    XL:     11   Next: 57%
Magic:  11/12      EV: 11    Int:  4    God:    Okawaru [*****.]
Gold:   80         SH: 17    Dex: 12    Spells: 0 memorised, 10 levels left

rFire  . . .     SeeInvis +       - Unarmed
rCold  . . .     Gourm    +     a - +0 robe
rNeg   . . .     Faith    .     o - +0 large shield {reflect}
rPois  .         Spirit   .     f - +0 hat {SInv}
rElec  .         Dismiss  .     (no cloak)
rCorr  .         Reflect  +     (gloves unavailable)
SustAt .         Harm     .     (boots unavailable)
MR     .....                    (no amulet)
Stlth  ++........               (no ring)
                                (no ring)

@: about to teleport, heroism, not resistant to hostile enchantments, unstealthy
A: unfitting armour, claws 3, fast metabolism 3, gourmand, regeneration 2,
shaggy fur 1, tough skin 2
a: Heroism, Finesse, Renounce Religion


You were on level 15 of the Dungeon.
You worshipped Okawaru.
Okawaru was extremely pleased with you.
You were full.

You visited 2 branches of the dungeon, and saw 16 of its levels.

You collected 80 gold pieces.

Inventory:

Hand Weapons
 g - a cursed -1 falchion
 y - a +1 blowgun
Missiles
 A - 13 poisoned needles
Armour
 a - a +0 robe (worn)
 b - a +1 shield
 f - a +0 hat of see invisible (worn)
 l - a mottled dragon hide
 o - a +0 large shield of reflection (worn)
Jewellery
 v - an uncursed amulet of regeneration {unknown}
Wands
 q - a wand of acid (7/15)
 s - a wand of paralysis (8/24)
 u - a wand of confusion (13/48)
 w - a wand of flame (21/48)
Scrolls
 i - 3 scrolls of remove curse
 m - a scroll of teleportation
 n - 2 scrolls of magic mapping {unknown}
 t - a scroll of identify
 x - a scroll of enchant weapon
Potions
 e - 2 potions of degeneration
 h - 3 potions of heal wounds
 j - a potion of lignification {unknown}
 k - a potion of curing
 p - a potion of flight {unknown}
 z - 2 potions of cancellation {unknown}
 C - 2 potions of agility
 D - a potion of haste {unknown}
Comestibles
 c - 4 beef jerkies
 d - 4 bread rations
 r - 7 chunks of flesh
 B - a meat ration


   Skills:
 * Level 11.6(16.6) Fighting
 - Level 2.4(7.4) Dodging
 - Level 2.4(7.4) Shields
 - Level 12.1(17.1) Unarmed Combat
 - Level 3.0 Invocations


You had 10 spell levels left.
You didn't know any spells.

Dungeon Overview and Level Annotations

Branches:
Dungeon (15/15)            Temple (1/1) D:6            Lair (0/6) D:8
    Orc: D:9-12      Vaults: D:13-14     Depths: D:15

Altars:
Ashenzari
Dithmenos
Elyvilon
Fedhas
Gozag
Hepliaklqana
Kikubaaqudgha
Okawaru
Pakellas
Qazlal
Ru
Sif Muna
Trog
Uskayaw
Vehumet
Xom
Yredelemnul
Zin
The Shining One

Shops:
D:10 (   D:11 (%

Portals:
Labyrinth: D:15


Innate Abilities, Weirdness & Mutations

You are too large for most types of armour.
You have claws for hands.
Your metabolism is lightning-fast.
You like to eat raw meat.
You heal very quickly.
You are covered in fur. (AC +1)
You have very tough skin. (AC +2)


Message History

The soldier ant poisons you!
You barely miss the efreet.
The efreet is heavily wounded.
You feel sick. The vampire mosquito bites you!
* * * LOW HITPOINT WARNING * * *
The vampire mosquito closely misses you.
The efreet hits you with a scimitar of flaming.
* * * LOW HITPOINT WARNING * * *
The efreet burns you.
* * * LOW HITPOINT WARNING * * *
The vampire mosquito closely misses you.
The sky beast barely misses you. The soldier ant stings you.
* * * LOW HITPOINT WARNING * * *
You are more poisoned.
The soldier ant poisons you! The vampire mosquito misses you.
You feel better.
You block the vampire mosquito's attack. x2
You block the efreet's attack. The vampire mosquito bites you!
* * * LOW HITPOINT WARNING * * *
The sky beast hits you.
* * * LOW HITPOINT WARNING * * *
The sky beast shocks you.
* * * LOW HITPOINT WARNING * * *
The soldier ant stings you.
* * * LOW HITPOINT WARNING * * *
The vampire mosquito bites you!
* * * LOW HITPOINT WARNING * * *
Unknown command.
Okay, then.
Okay, then.
As you read the scroll of teleportation, it crumbles to dust.
You feel strangely unstable.
The sky beast changes into a soldier ant!
The vampire mosquito bites you!
* * * LOW HITPOINT WARNING * * *
You block the vampire mosquito's attack. x2
The efreet hits you with a scimitar of flaming!
* * * LOW HITPOINT WARNING * * *
The efreet burns you.
You die...

###############.
................
......<...........
................#
#..............#
#....$.........#
##.......a......##
.........y@a......
.........y.R......
....∩..<..........
..................
..................
..................
..................
..................
...#############..


You could see an efreet, a soldier ant, a soldier ant shaped shifter and 2
vampire mosquitoes.

Vanquished Creatures
  Nessos (D:12)
  A centaur warrior (D:13)
  The ghost of Trees the Fighter, a novice GrGl of Okawaru (D:10)
  An unseen horror (D:12)
  2 hill giants (D:10)
  An ugly thing (D:12)
  A griffon (D:14)
  2 centaur skeletons
  A gargoyle (D:12)
  A rime drake (shapeshifter) (D:13)
  3 two-headed ogres
  A shadow (D:11)
  A wyvern (D:10)
  15 yaks
  A basilisk (D:13)
  A wraith (D:11)
  The ghost of oshikia the Sneak, an amateur OpAs (D:6)
  A mottled dragon (D:12)
  A water moccasin (D:8)
  A hell hound (D:8)
  A water moccasin (shapeshifter) (D:13)
  2 orc warriors
  A sky beast (D:10)
  2 phantoms
  3 ogres
  2 big kobolds
  A gnoll sergeant (D:6)
  4 giant frogs
  A wyvern zombie (D:11)
  7 scorpions
  16 killer bees
  2 howler monkeys
  3 crimson imps
  3 hounds
  The ghost of LandisOverThere the Charmwright, a weakling FeSk (D:3)
  2 orc priests
  3 orc wizards
  A giant frog skeleton (D:11)
  2 iguanas (D:4)
  A gnoll shaman (D:6)
  5 worker ants
  10 gnolls (D:6)
  2 adders
  2 shadow imps
  An adder skeleton (D:6)
  A worm (D:4)
  2 giant geckos
  12 orcs
  2 bats
  2 giant cockroaches
  A hobgoblin (D:1)
  12 jackals
  2 quokkas
  A goblin (D:1)
  13 kobolds
  A quokka skeleton (D:5)
  4 rats
169 creatures vanquished.

Notes
Turn   | Place    | Note
-------+----------+-------------------------------------------
     0 | D:1      | Implojin the Troll Fighter began the quest for the Orb.
     0 | D:1      | Reached XP level 1. HP: 22/22 MP: 0/0
   147 | D:2      | Reached XP level 2. HP: 29/29 MP: 1/1
   179 | D:2      | Reached skill level 3 in Unarmed Combat
   195 | D:3      | Noticed LandisOverThere's ghost (weakling FeSk)
   204 | D:3      | Killed LandisOverThere's ghost
   204 | D:3      | Reached XP level 3. HP: 36/36 MP: 2/2
   209 | D:3      | Reached skill level 4 in Unarmed Combat
   235 | D:3      | Found a radiant altar of Vehumet.
   250 | D:4      | Reached XP level 4. HP: 44/44 MP: 3/3
   283 | D:4      | Reached skill level 5 in Unarmed Combat
   300 | D:5      | Entered Level 5 of the Dungeon
   338 | D:5      | Reached XP level 5. HP: 42/50 MP: 4/4
   416 | D:4      | Noticed a phantom
   453 | D:4      | Killed a phantom
   453 | D:4      | Reached skill level 6 in Unarmed Combat
   453 | D:4      | Reached XP level 6. HP: 39/59 MP: 5/5
   472 | D:4      | Found a glowing golden altar of the Shining One.
   473 | D:4      | Found a white marble altar of Elyvilon.
   587 | D:6      | Noticed oshikia's ghost (amateur OpAs)
   597 | D:6      | Killed oshikia's ghost
   597 | D:6      | Reached skill level 7 in Unarmed Combat
   616 | D:6      | Reached XP level 7. HP: 66/66 MP: 6/6
   723 | D:6      | Reached skill level 8 in Unarmed Combat
   781 | D:6      | Found a staircase to the Ecumenical Temple.
   804 | Temple   | Entered the Ecumenical Temple
   835 | Temple   | Became a worshipper of Warmaster Okawaru
   936 | D:9      | Reached skill level 9 in Unarmed Combat
   956 | D:9      | Found an opulent altar of Gozag.
  1099 | D:10     | Entered Level 10 of the Dungeon
  1116 | D:10     | Found Madaysyda's Armour Shoppe.
  1116 | D:10     | Noticed a hill giant
  1134 | D:9      | Reached * piety under Okawaru
  1136 | D:9      | Reached XP level 8. HP: 35/74 MP: 7/7
  1272 | D:10     | Reached skill level 10 in Unarmed Combat
  1282 | D:10     | Reached ** piety under Okawaru
  1292 | D:11     | Noticed a two-headed ogre
  1310 | D:11     | Reached skill level 11 in Unarmed Combat
  1321 | D:11     | Reached skill level 1 in Invocations
  1321 | D:11     | Reached XP level 9. HP: 35/80 MP: 4/9
  1326 | D:11     | Reached *** piety under Okawaru
  1326 | D:11     | Reached skill level 3 in Invocations
  1328 | D:11     | HP: 1/80 [yak (13)]
  1335 | D:11     | Reached skill level 12 in Unarmed Combat
  1415 | D:10     | Reached skill level 3 in Fighting
  1455 | D:10     | Reached skill level 4 in Fighting
  1505 | D:10     | Reached **** piety under Okawaru
  1505 | D:10     | Received a gift from Okawaru
  1505 | D:10     | Reached skill level 5 in Fighting
  1548 | D:10     | Found Xunygg's Weapon Boutique.
  1560 | D:10     | Noticed a hill giant
  1569 | D:10     | Killed a hill giant
  1569 | D:10     | Reached skill level 6 in Fighting
  1569 | D:10     | Reached XP level 10. HP: 57/100 MP: 8/11
  1587 | D:10     | Noticed Trees's ghost (novice GrGl)
  1603 | D:10     | Killed Trees's ghost
  1603 | D:10     | Reached skill level 7 in Fighting
  1670 | D:10     | Reached skill level 8 in Fighting
  1674 | D:10     | Killed a hill giant
  1730 | D:11     | Found Zereidun's Food Emporium.
  1817 | D:11     | Found Wiasybit's Weapon Emporium.
  1840 | D:11     | Reached skill level 9 in Fighting
  1845 | D:12     | Noticed a brown ugly thing
  1865 | D:11     | Found a sacrificial altar of Ru.
  1995 | D:8      | Identified a scroll of acquirement
  2053 | D:8      | Found a staircase to the Lair.
  2202 | D:12     | Reached ***** piety under Okawaru
  2244 | D:12     | Noticed an unseen horror
  2251 | D:12     | Killed an unseen horror
  2251 | D:12     | Reached skill level 10 in Fighting
  2251 | D:12     | Reached XP level 11. HP: 92/117 MP: 12/12
  2331 | D:12     | Killed a brown ugly thing
  2334 | D:12     | Noticed Nessos
  2353 | D:12     | Killed Nessos
  2353 | D:12     | Received a gift from Okawaru
  2440 | D:13     | Noticed a centaur warrior
  2452 | D:13     | Killed a centaur warrior
  2452 | D:13     | Reached skill level 11 in Fighting
  2649 | D:14     | Noticed a griffon
  2655 | D:14     | Killed a griffon
  2689 | D:15     | Entered Level 15 of the Dungeon
  2689 | D:15     | Found a labyrinth entrance.
  2704 | D:15     | HP: 1/122 [efreet/scimitar of flaming (16)]
  2704 | D:15     | Slain by an efreet

Vault maps used:
D:1:      matt_arrival_refuge
D:2:      cheibriados_altar_1
D:3:      lemuel_crystal_altar, bloody_makhleb, marbit_many_paths, uniq_robin
D:4:      gammafunk_temple_overflow_pools, first_bread
D:5:      roderic_bipointed_swastika, kennysheep_generic_room_4
D:6:      basic_altar, uniq_pikel
D:7:      nemelex_xobeh_ov_fountains_minmay, grunt_ogre_cave
D:8:      minmay_lair_entry_lava
D:9:      nicolae_gozag_seed_capital
D:10:     david_orc_3, serial_shops, nicolae_shop_window_shopping,
          kennysheep_windowed_goal
D:11:     serial_shops, kennysheep_mini, shop_statue, shop, shop,
          nicolae_ru_the_path_less_chosen
D:12:     uniq_nessos
D:13:     david_vaults_4
D:14:     kennysheep_crisscross
D:15:     gammafunk_enter_depths_forms, lab_entry_generic, moated_statue,
          uniq_rupert
Temple:   eino_wide_crystal_templ

Skill      XL: |  1  2  3  4  5  6  7  8  9 10 11 |
---------------+----------------------------------+-----
Unarmed Combat | 3 4 5 6 7 9 11 12 | 12.1
Invocations    | 1 3 |  3.0
Fighting       | 6 10 11 | 11.6
Dodging        | |  2.4
Shields        | |  2.4

Action                   |  1- 3 |  4- 6 |  7- 9 | 10-12 || total
-------------------------+-------+-------+-------+-------++-------
Melee: Unarmed           |    42 |    68 |   197 |   218 ||   525
Invok: Heroism           |       |       |     8 |    15 ||    23
  Use: Potion            |     1 |       |     1 |     3 ||     5
       Scroll            |       |       |       |    13 ||    13
 Stab: Sleeping          |     1 |       |     1 |     2 ||     4
  Eat: Chunk             |     4 |     1 |    13 |    10 ||    28
Armor: Robe              |    43 |     8 |    31 |    18 ||   100
Dodge: Dodged            |    30 |     8 |    61 |    59 ||   158
Block: Shield            |    44 |    27 |    99 |    62 ||   232
       Large shield      |       |       |       |    41 ||    41
       Reflection        |       |       |       |     1 ||     1

Table legend:
 A = Turns spent in this place as a percentage of turns spent in the entire game.
 B = Non-inter-level travel turns spent in this place as a percentage of non-inter-level travel turns spent in the entire game.
 C = Inter-level travel turns spent in this place as a percentage of turns spent in this place.
 D = Turns resting spent in this place as a percentage of non-inter-level travel turns spent in this place.
 E = Turns spent auto-exploring this place as a percentage of non-inter-level travel turns spent in this place.
 F = Non-inter-level travel turns spent in this place divided by the number of levels of this place that you've seen.
                   A       B       C       D       E      F
               +-------+-------+-------+-------+-------+----------------------
         Total | 100.0 | 100.0 |   0.0 |   0.0 |   0.0 | 168.5
       Dungeon |  98.4 |  98.4 |   0.0 |   0.0 |   0.0 | 176.8
        Temple |   1.6 |   1.6 |   0.0 |   0.0 |   0.0 |  44.0
               +-------+-------+-------+-------+-------+----------------------

Table legend:
 A = Kills in this place as a percentage of kills in entire the game.
 B = Kills by you in this place as a percentage of kills by you in the entire game.
 C = Kills by friends in this place as a percentage of kills by friends in the entire game.
 D = Other kills in this place as a percentage of other kills in the entire game.
 E = Experience gained in this place as a percentage of experience gained in the entire game.
 F = Experience gained in this place divided by the number of levels of this place that you have seen.
                   A       B       C       D       E      F
               +-------+-------+-------+-------+-------+----------------------
         Total | 100.0 | 100.0 |  -nan |  -nan | 100.0 | 1079.0
       Dungeon | 100.0 | 100.0 |  -nan |  -nan | 100.0 | 1150.9
               +-------+-------+-------+-------+-------+----------------------
